 Dungeon Crawl Stone Soup version 0.30-a0-737-gf23d94013f (webtiles) character file.

Game seed: 1877846254913750966

1652262 garrulousMonolith the Conqueror (level 26, 115/266 HPs)
             Began as a Minotaur Berserker on Feb 2, 2023.
             Was an Elder of Trog.
             Escaped with the Orb
             ... and 3 runes on Feb 3, 2023!
             The game lasted 01:38:24 (69833 turns).

garrulousMonolith the Conqueror (MiBe)             Turns: 69833, Time: 01:38:24

Health: 115/266    AC: 45    Str: 27 (28) XL:     26   Next: 9%
Magic:  2/4        EV: 20    Int: 10      God:    Trog [****..]
Gold:   2371       SH: 19    Dex: 21      Spells: 25/25 levels left

rFire   + + +      SeeInvis +    t - +8 broad axe (antimagic)
rCold   + + +      Faith    .    r - +0 kite shield {reflect}
rNeg    . . .      Spirit   .    M - +4 gold dragon scales
rPois   +          Reflect  +    (helmet unavailable)
rElec   +          Harm     .    D - +1 cloak "Gym Noas" {rF+++ Str+3}
rCorr   +          Rampage  .    Q - +3 pair of gauntlets of War {Slay+5}
Will    +....                    K - +3 pair of mountain boots {steadfast, rC+} Stlth
                                 R - amulet of Devotion {Acrobat Slay+5 SInv}
HPRegen 0.64/turn                W - ring "Vuttioh" {rElec rF+ rCorr MP-9 Stlth+}
MPRegen 0.09/turn                Z - ring "Zathraad" {Fly rC+ Int+6 Dex+2}

@: flying, hasted, studying Unarmed Combat, very quick
A: horns 3, retaliatory headbutt, iridescent scales 1, subdued magic 1,
MP-powered wands
0: Orb of Zot
}: 3/15 runes: serpentine, barnacled, silver
a: Renounce Religion, Berserk, Trog's Hand, Brothers in Arms


You escaped.
You worshipped Trog.
Trog was greatly pleased with you.
You visited 10 branches of the dungeon, and saw 48 of its levels.
You visited 3 bazaars.
You also visited: Trove, Bailey, Gauntlet and Wizlab.

You collected 9300 gold pieces.
You spent 6929 gold pieces at shops.

Inventory:

Hand Weapons
 a - a +9 heavy broad axe
 t - a +8 antimagic broad axe (weapon)
 P - the +3 greatsling "Punk" {acid, rCorr}
   (You took it off a spriggan defender on level 3 of the Depths)

   rCorr:     It protects you from acid and corrosion.
Missiles
 u - 6 silver javelins (quivered)
 z - 12 curare-tipped darts
 O - 14 throwing nets
Armour
 r - a +0 kite shield of reflection (worn)
 s - a +2 hat of willpower
 D - the +1 cloak "Gym Noas" (worn) {rF+++ Str+3}
   (You bought it in a shop on level 2 of the Orcish Mines)

   Str:       It affects your strength (+3).
   rF:        It renders you almost immune to fire.
 K - the +3 pair of mountain boots (worn) {steadfast, rC+}
   (You found it in a Gauntlet)

   Steadfast: It prevents involuntary movement, except for blinking,
   teleportation, or banishment.
   rC:        It protects you from cold.
 M - +4 gold dragon scales (worn)
 Q - the +3 pair of gauntlets of War (worn) {Slay+5}
   (You found it in a Gauntlet)

   Slay:      It affects your accuracy & damage with ranged weapons and melee
   (+5).
Jewellery
 c - an amulet of regeneration
 e - the amulet "Kaps" {Spirit +Blink +Inv rPois Str-3}
   (You found it in a treasure trove)

   [amulet of guardian spirit]

   It causes incoming damage to be divided between your reserves of health and
   magic.
   Str:       It affects your strength (-3).
   rPois:     It protects you from poison.
   +Inv:      It lets you turn invisible.
   +Blink:    It lets you blink.
 C - the ring "Maijech" {rElec EV+5 Dex+3 Slay+2}
   (You found it in a wizard's laboratory)

   [ring of evasion]

   EV:        It affects your evasion (+5).
   Dex:       It affects your dexterity (+3).
   Slay:      It affects your accuracy & damage with ranged weapons and melee
   (+2).
   rElec:     It insulates you from electricity.
 N - the ring "Wusmeuneaq" {Str+3 Int+6 Dex+4}
   (You took it off a merfolk javelineer on level 4 of the Shoals)

   [ring of intelligence]

   Str:       It affects your strength (+3).
   Int:       It affects your intelligence (+6).
   Dex:       It affects your dexterity (+4).
 R - the amulet of Devotion (around neck) {Acrobat Slay+5 SInv}
   (You found it on level 5 of the Lair of Beasts)

   [amulet of the acrobat]

   It increases your evasion while moving and waiting.
   Slay:      It affects your accuracy & damage with ranged weapons and melee
   (+5).
   SInv:      It lets you see invisible.
 T - the ring of Rifeymm {+Blink Fly rElec Str+5 Stlth-}
   (You found it in a Gauntlet)

   [ring of flight]

   Str:       It affects your strength (+5).
   rElec:     It insulates you from electricity.
   Fly:       It grants you flight.
   +Blink:    It lets you blink.
   Stlth:     It makes you less stealthy.
 W - the ring "Vuttioh" (left hand) {rElec rF+ rCorr MP-9 Stlth+}
   (You bought it in a shop on level 14 of the Dungeon)

   [ring of protection from fire]

   rF:        It protects you from fire.
   rElec:     It insulates you from electricity.
   MP:        It affects your magic capacity (-9).
   rCorr:     It protects you from acid and corrosion.
   Stlth:     It makes you more stealthy.
 Z - the ring "Zathraad" (right hand) {Fly rC+ Int+6 Dex+2}
   (You took it off a minotaur in a Gauntlet)

   [ring of intelligence]

   Int:       It affects your intelligence (+6).
   Dex:       It affects your dexterity (+2).
   rC:        It protects you from cold.
   Fly:       It grants you flight.
Wands
 k - a wand of polymorph (25)
 q - a wand of roots (37)
 B - a wand of acid (25)
 G - a wand of digging (11)
 H - a wand of paralysis (57)
 J - a wand of flame (107)
 L - a wand of mindburst (36)
Scrolls
 h - 38 scrolls of identify
 l - 6 scrolls of summoning
 m - 8 scrolls of blinking
 n - 8 scrolls of poison
 o - 10 scrolls of fear
 v - 6 scrolls of immolation
 y - 7 scrolls of fog
 E - 2 scrolls of silence
 Y - 37 scrolls of teleportation
Potions
 d - 14 potions of lignification
 f - 4 potions of resistance
 i - 4 potions of heal wounds
 j - 21 potions of curing
 p - 7 potions of might
 w - 9 potions of haste
 x - 12 potions of flight
 A - 10 potions of mutation
 F - 5 potions of magic
 I - 4 potions of cancellation
 U - 3 potions of berserk rage
 V - 5 potions of ambrosia
Miscellaneous
 g - a phantom mirror


   Skills:
 O Level 27 Fighting
 - Level 18.0 Axes
 - Level 10.2 Throwing
 + Level 25.6 Armour
 + Level 23.8 Dodging
 - Level 25.0 Shields
 + Level 15.1 Evocations


You had 25 spell levels left.
You didn't know any spells.
Your spell library was empty.

Dungeon Overview and Level Annotations

Branches:
Dungeon (15/15)            Temple (1/1) D:7            Lair (5/5) D:8
 Shoals (4/4) Lair:2        Snake (4/4) Lair:3        Slime (0/5) Lair:5
    Orc (2/2) D:10            Elf (3/3) Orc:2        Vaults (5/5) D:13
  Crypt (0/3) Vaults:3     Depths (4/4) D:15            Zot (5/5) Depths:4
 Bailey (visited)          WizLab (visited)         Gauntlet (visited)

Altars:
Ashenzari
Cheibriados
Dithmenos
Elyvilon
Fedhas
Gozag
Hepliaklqana
Kikubaaqudgha
Makhleb
Nemelex Xobeh
Okawaru
Qazlal
Ru
Sif Muna
Trog
Uskayaw
Vehumet
Wu Jian
Xom
Yredelemnul
Zin
The Shining One

Shops:
D:2 :   D:5 *?   D:6 (   D:7 (   D:14 =   Orc:1 *   Orc:2 [?=**   Elf:2 :=::
Shoals:2 !   Snake:1 :?   Snake:2 =   Vaults:1 *   Depths:3 ?*=!*

Portals:
Hell: Depths:1 Depths:2 Depths:3 Depths:4
Abyss: Depths:3 Depths:4
Pandemonium: Depths:1 Depths:2
Ziggurat: Depths:4

Annotations:
D:14 1 transporter
Shoals:1 Roxanne
Elf:2 3 runed translucent doors
Vaults:2 2 transporters, Feshunla's ghost, adept KoEn


Innate Abilities, Weirdness & Mutations

You have a pair of large horns on your head.
You reflexively headbutt those who attack you in melee.
You are partially covered in iridescent scales. (AC +2)
Your spells are a little easier to cast, but a little less powerful.
You expend magic power (3 MP) to strengthen your wands.


Message History

The living lightning misses you.
Wififovu blinks!
Aiming: Dig
Press: ? - help, Shift-Dir - straight line This square is covered in magical glow.
The rock shatters into small pieces.
You fail to use your ability.
Wififovu bursts into living lightning!
The living lightning misses you.
Wififovu blinks!
You feel much better.
Wififovu bursts into living lightning!
The living lightning misses you.
Wififovu blinks!
You feel much better.
You slash Wififovu!
Wififovu's magic leaks into the air.
You headbutt Wififovu!!
Wififovu is severely wounded.
Wififovu completely misses you.
You miss Wififovu.
Wififovu is severely wounded.
Wififovu splashes you but does no damage.
You miss Wififovu. You headbutt Wififovu!
Wififovu is almost dead.
You block Wififovu's attack.
You slice Wififovu!!
Wififovu's magic leaks into the air.
Your headbutt misses Wififovu.
Wififovu is almost dead.
Wififovu splashes you but does no damage.
Wififovu closely misses you. You furiously retaliate!
You headbutt Wififovu! You slice Wififovu!!
You kill Wififovu!
Trog accepts your kill.
You slash the ice devil!
You kill the ice devil!
Trog accepts your kill.
You feel your dexterity returning.
The Brimstone Fiend disappears in a puff of smoke!
A great orb of eyes comes into view.
You feel yourself speed up.
There is a staircase leading out of the dungeon here.
You can't go down here!
You have escaped!

#####.# ###.###........
#...#.###.........#####
#.#.......####..###
#.....#..## ##.# ##.##.##.#
#.####### #.......##
##........
#..≈≈≈≈..####..≈≈≈≈..#
#.≈G§≈.≈......≈≈≈≈≈≈.#
####.≈§§@≈≈...)..≈≈≈≈≈≈.#
##....≈§§§≈§......≈≈≈≈≈≈..
#......≈≈§§........≈≈≈≈..#
#.......§§§..##...........
####.......###.####..####.###
#..(................§.# #.#
#.####.##.##.#.#####..###.#
#.# #..........# #..&##.# #.#
##.##.##.### ###..#.#.#


You could see a great orb of eyes.

Vanquished Creatures
  A seraph (D:4)
  3 dread liches
  3 ancient liches
  4 orbs of fire
  Mara (Vaults:5)
  A pandemonium lord (D:1)
  2 juggernauts
  Sojobo (Vaults:4)
  Boris (Vaults:4)
  Xtahua (Depths:4)
  9 Killer Klowns (Zot:5)
  A curse toe (Zot:2)
  16 golden dragons
  A profane servitor (Depths:4)
  A bone dragon (Depths:4)
  2 Brimstone Fiends
  An electric golem (Zot:5)
  A hellephant (D:13)
  5 liches
  12 tentacled monstrosities
  Zenata (Vaults:1)
  27 Orb Guardians
  A walking frostbound tome (Depths:3)
  Asterion (Vaults:1)
  2 deep elf blademasters (Elf:3)
  2 titans
  A deep elf master archer (Elf:3)
  9 quicksilver dragons
  6 death cobs
  Frances (Elf:1)
  Agnes (Snake:3)
  4 sphinxes
  4 nagarajas (Snake:4)
  5 tengu reavers
  14 storm dragons
  Donald (Shoals:4)
  14 shadow dragons
  A daeva (Depths:2)
  A rockslime (Zot:5)
  6 draconian knights
  2 draconian monks
  5 fire giants
  Louise (Depths:3)
  7 deep elf sorcerers
  5 draconian scorchers
  3 spectral caustic shrikes (Depths:1)
  11 frost giants
  A ghost moth (Zot:1)
  20 vault wardens
  2 cacodemons
  A balrug (Depths:2)
  A ghoul (Vaults:3)
  6 draconian stormcallers
  3 draconian shifters
  3 deep elf elementalists
  5 draconian annihilators
  3 spriggan defenders (Depths:3)
  21 very ugly things
  15 stone giants
  25 ironbound preservers
  3 war gargoyles
  A demonspawn blood saint (WizLab)
  7 green draconians
  9 ironbound thunderhulks
  6 vampire knights
  A lorocyproca (WizLab)
  8 deep elf annihilators (Elf:3)
  3 yellow draconians
  Azrael (Elf:1)
  9 black draconians
  19 dire elephants
  7 purple draconians
  5 spark wasps
  7 red draconians
  5 deep elf demonologists
  A minotaur (Gauntlet)
  15 white draconians
  5 crystal guardians
  8 deep elf death magi
  An ettin (shapeshifter) (Vaults:4)
  A blizzard demon (WizLab)
  A green death (WizLab)
  18 ettins
  10 merfolk javelineers
  6 fire dragons
  Josephine (Orc:1)
  6 deep elf high priests
  9 merfolk impalers
  5 great orbs of eyes
  A spriggan zombie (D:15)
  15 yaktaur captains
  A hell beast (WizLab)
  Fannar (Lair:2)
  9 ice dragons
  A catoblepas (Lair:5)
  7 hydras
  4 peacekeepers
  2 salamander tyrants (Snake:4)
  37 vault guards
  3 merfolk aquamancers
  10 spriggan air magi
  Erica (D:11)
  3 merfolk avatars
  2 rakshasas
  10 centaur warriors
  3 ogre magi (Depths:1)
  11 death yaks (Lair:5)
  14 anacondas
  An alligator snapping turtle (Shoals:1)
  15 ironbound frosthearts
  7 two-headed ogres
  A death knight (Vaults:3)
  A boulder beetle (Vaults:3)
  5 deep troll shamans
  2 satyrs
  6 tengu warriors
  Urug (Orc:2)
  An orc high priest (Orc:2)
  9 naga sharpshooters
  2 vampire magi
  20 dancing weapons
  8 deep troll earth magi
  4 naga warriors
  10 shock serpents
  4 sun demons
  A thrashing horror (Gauntlet)
  A storm dragon zombie (D:15)
  8 spriggan berserkers
  19 deep elf knights
  7 iron trolls
  5 hell knights (Depths:4)
  A soul eater (WizLab)
  Nergalle (D:11)
  7 sixfirhies
  11 salamander mystics
  12 sea snakes
  Lodul (D:14)
  2 cherubim
  6 glowing orange brains
  A kraken simulacrum (Shoals:3)
  2 flayed ghosts
  3 naga ritualists
  58 deep trolls
  16 ironbound convokers
  18 deep elf archers
  Pikel (D:4)
  A lindwurm (shapeshifter) (Vaults:5)
  8 harpies
  6 phantasmal warriors
  12 wizards
  3 necromancers
  A wolf spider zombie (D:11)
  An orc knight (Vaults:5)
  17 lindwurms
  A cyclops (D:12)
  A tengu zombie (Depths:1)
  4 orc sorcerers
  34 deep elf zephyrmancers
  A mana viper (shapeshifter) (Elf:1)
  12 fauns
  28 deep elf pyromancers
  An oklob plant (Lair:5)
  24 ugly things
  8 mana vipers
  A frost giant zombie (Vaults:1)
  A manticore (shapeshifter) (Depths:3)
  14 manticores
  25 moths of wrath
  11 salamanders
  4 rust devils
  11 vault sentinels
  14 elephants
  Maurice (Orc:1)
  A frost giant skeleton (D:15)
  10 naga magi
  12 merfolk sirens
  6 guardian serpents (Snake:4)
  29 black mambas
  A centaur zombie (D:11)
  6 torpor snails (Lair:5)
  2 smoke demons (WizLab)
  11 water nymphs
  A gargoyle (D:11)
  A stone giant skeleton (Vaults:1)
  3 centaur skeletons (D:11)
  3 hellions
  Maggie (D:10)
  13 cane toads
  An unseen horror (shapeshifter) (D:14)
  9 komodo dragons
  5 rime drakes
  4 kobold demonologists
  6 tengu conjurers
  38 yaktaurs
  3 trolls
  4 red devils
  4 ice devils
  A freezing wraith (Vaults:1)
  2 guardian mummies (D:15)
  3 tyrant leeches (Lair:5)
  6 meliai
  6 hellwings
  A human skeleton (Vaults:1)
  34 merfolk
  A polar bear (Lair:5)
  13 wind drakes
  A tarantella (shapeshifter) (D:13)
  A wind drake (shapeshifter) (D:13)
  26 blink frogs
  A blink frog (shapeshifter) (Vaults:4)
  5 snapping turtles
  12 hornets
  A meliai zombie (D:11)
  A fire giant simulacrum (Vaults:3)
  Sigmund (D:2)
  A stone giant simulacrum (Depths:1)
  32 water elementals
  33 slime creatures
  3 shadows
  7 air elementals
  2 spriggan skeletons (Depths:1)
  A ynoxinul (WizLab)
  A slime creature (shapeshifter) (Vaults:5)
  5 wyverns
  3 spriggans
  8 wraiths
  4 basilisks
  48 yaks
  2 alligator snapping turtle simulacra (Shoals:3)
  3 golden eyes (Depths:1)
  2 chaos spawn (Depths:2)
  3 neqoxecs (WizLab)
  3 fire elementals (Elf:1)
  2 steam dragons
  4 vampire mosquitoes
  3 death yak simulacra (Shoals:3)
  23 nagas
  3 harpy simulacra (Shoals:3)
  2 wargs
  2 hell hounds (Elf:1)
  2 swamp worms (D:9)
  A human zombie (D:15)
  A floating eye (Depths:1)
  12 water moccasins
  A swamp drake (Orc:2)
  3 ice beasts
  26 orc warriors
  3 satyr simulacra (Shoals:3)
  4 sky beasts
  37 wolves
  13 ogres
  3 black bears
  4 boggarts (Vaults:3)
  10 centaurs
  3 lemures
  5 phantoms
  3 small abominations
  6 kobold brigands
  5 bullfrogs
  An ogre simulacrum (Vaults:3)
  A faun simulacrum (Shoals:3)
  2 earth elementals
  2 merfolk simulacra (Shoals:3)
  2 scorpions (D:5)
  2 manticore simulacra (Shoals:3)
  3 snapping turtle simulacra (Shoals:3)
  2 troll zombies (D:10)
  8 electric eels (D:13)
  4 howler monkeys
  A crimson imp (Orc:2)
  3 hounds
  3 jellies
  2 gnoll boudas
  Crazy Yiuf (D:3)
  19 orc priests
  2 cyclops simulacra (Shoals:3)
  An iron imp (Orc:2)
  34 orc wizards
  A boggart zombie (D:11)
  4 iguanas (D:6)
  5 hell rats (Lair:3)
  Natasha (twice) (D:4)
  6 ogre zombies (D:10)
  2 centaur simulacra (Shoals:3)
  5 adders
  11 gnolls
  6 shadow imps
  2 white imps
  3 ufetubi (Gauntlet)
  3 worms
  2 dart slugs
  77 orcs
  5 ball pythons
  2 bats (D:2)
  4 endoplasms
  2 giant cockroaches
  2 goblins
  4 hobgoblins
  29 kobolds
  3 quokkas
  3 frilled lizards
  2 goblin skeletons (D:10)
  4 goblin zombies (D:10)
  3 hobgoblin skeletons (D:10)
  A hobgoblin zombie (D:10)
  2 orc skeletons (D:10)
  13 orc zombies (D:10)
  6 rats
  A plant (Shoals:3)
  2 tentacles (Shoals:3)
2087 creatures vanquished.

Vanquished Creatures (collateral kills)
  Hellbinder (WizLab)
  A green death (WizLab)
  A hell beast (WizLab)
  A sixfirhy (WizLab)
  3 orc sorcerers (Orc:2)
  An orange demon (WizLab)
  A chaos spawn (WizLab)
  3 orc warriors (Orc:2)
  An orc priest (Orc:2)
  An orc wizard (Orc:2)
  An orc (Orc:2)
15 creatures vanquished.

Vanquished Creatures (others)
  A golden dragon (Zot:5)
  Mlioglotl (Snake:2)
  A tengu reaver (Vaults:5)
  A draconian knight (Zot:3)
  A vault warden (Vaults:5)
  A wizard (Depths:1)
  A deep elf zephyrmancer (Elf:1)
  A moth of wrath (Zot:4)
  A merfolk siren (Shoals:3)
  A water elemental (Shoals:4)
  A yak (Lair:5)
  An orc wizard (Orc:2)
  10 fungi
  95 plants
  2 starspawn tentacles (Snake:2)
  2 tentacles (Shoals:3)
  17 withered plants
138 creatures vanquished.

Grand Total: 2240 creatures vanquished

Notes
Turn   | Place    | Note
-------+----------+-------------------------------------------
     0 | D:1      | garrulousMonolith the Minotaur Berserker began the quest
                  | for the Orb.
     0 | D:1      | Reached XP level 1. HP: 19/19 MP: 0/0
   157 | D:1      | Reached XP level 2. HP: 27/27 MP: 1/1
   651 | D:2      | Reached skill level 4 in Fighting
   651 | D:2      | Reached XP level 3. HP: 33/33 MP: 2/2
   803 | D:2      | Reached ** piety under Trog
   875 | D:2      | Noticed Sigmund
   887 | D:2      | Killed Sigmund
   888 | D:2      | Reached skill level 5 in Axes
   888 | D:2      | Reached XP level 4. HP: 34/41 MP: 3/3
   888 | D:2      | Reached XP level 5. HP: 39/47 MP: 4/4
  1086 | D:2      | Found Kilabuss's Book Boutique.
  1212 | D:2      | Found a faded altar of an unknown god.
  1974 | D:3      | Found a runed translucent door.
  1975 | D:3      | Noticed Crazy Yiuf
  2063 | D:3      | Killed Crazy Yiuf
  2064 | D:3      | Reached XP level 6. HP: 48/55 MP: 5/5
  2161 | D:4      | Noticed Pikel
  2573 | D:4      | Reached skill level 5 in Fighting
  2936 | D:4      | Killed Pikel
  2937 | D:4      | Reached skill level 6 in Fighting
  2937 | D:4      | Reached skill level 5 in Armour
  2937 | D:4      | Reached XP level 7. HP: 63/63 MP: 6/6
  2982 | D:4      | Noticed Natasha
  2987 | D:4      | Killed Natasha
  3040 | D:4      | Reached XP level 8. HP: 70/70 MP: 7/7
  3312 | D:4      | Noticed Natasha
  3321 | D:4      | Killed Natasha
  3322 | D:4      | Reached skill level 5 in Dodging
  3399 | D:5      | Entered Level 5 of the Dungeon
  3568 | D:5      | Found Vaal's Overcharged Wands.
  4091 | D:5      | Reached skill level 7 in Fighting
  4146 | D:5      | You fall into a shaft and drop 2 floors!
  4410 | D:6      | Noticed a hornet
  4419 | D:6      | Killed a hornet
  4420 | D:6      | Reached XP level 9. HP: 77/79 MP: 8/8
  4549 | D:6      | Reached skill level 10 in Axes
  4584 | D:6      | Identified the +11 giant spiked club "Hell-Harrower"
                  | {flame, rPois rN++ rCorr Dex-2}
  4735 | D:6      | Identified the +3 leather armour of the Old World {Str+3
                  | Int+2 Dex-2}
  5156 | D:5      | Found Jomier's Magic Scroll Boutique.
  5159 | D:5      | Bought a scroll of magic mapping for 105 gold pieces
  5354 | D:5      | Reached skill level 1 in Shields
  5652 | D:6      | Found Ginusaz's Weapon Boutique.
  6026 | D:7      | Found a staircase to the Ecumenical Temple.
  6039 | Temple   | Entered the Ecumenical Temple
  6336 | D:7      | Found Wer Ismaofo's Weapon Shop.
  6524 | D:7      | Reached skill level 8 in Fighting
  6828 | D:8      | Reached *** piety under Trog
  6834 | D:8      | Identified the ring of False Pretenses {Ice rN+ Int+3}
  6958 | D:8      | Noticed a two-headed ogre
  7000 | D:8      | Killed a two-headed ogre
  7001 | D:8      | Reached XP level 10. HP: 83/90 MP: 9/9
  7149 | D:8      | Found a staircase to the Lair.
  7405 | D:8      | Found a basalt altar of Yredelemnul.
  7544 | D:8      | Found a shimmering blue altar of Sif Muna.
  7852 | D:9      | Paralysed by a hornet for 1 turns
  7932 | D:9      | Found a flagged portal.
  7941 | Bailey   | Entered a bailey
  8141 | Bailey   | Reached skill level 9 in Fighting
  8381 | Bailey   | Identified the +0 robe of the Weaver {rPois Int+6}
  9017 | D:9      | Found a snail-covered altar of Cheibriados.
  9350 | D:10     | Entered Level 10 of the Dungeon
  9350 | D:10     | Noticed Maggie
  9355 | D:10     | Killed Maggie
  9441 | D:10     | Reached skill level 5 in Shields
 10190 | D:10     | Reached **** piety under Trog
 10336 | D:10     | Found a staircase to the Orcish Mines.
 10361 | D:10     | Reached XP level 11. HP: 58/97 MP: 10/10
 10482 | D:10     | Noticed a two-headed ogre
 10487 | D:10     | Killed a two-headed ogre
 11117 | D:11     | Noticed Nergalle
 11123 | D:11     | Noticed a spectral orc warlord
 11132 | D:11     | Killed Nergalle
 11140 | D:11     | Reached skill level 10 in Fighting
 11483 | D:11     | Reached skill level 10 in Armour
 11735 | D:11     | Noticed Erica
 11743 | D:11     | Killed Erica
 11972 | Lair:1   | Entered Level 1 of the Lair of Beasts
 11990 | Lair:1   | Reached ***** piety under Trog
 12120 | Lair:1   | Reached XP level 12. HP: 108/108 MP: 11/11
 12273 | Lair:1   | Identified the +4 scale mail of Dithmenos, Muttering {rF-
                  | Regen+ Int+4 Dex+4}
 12982 | Lair:2   | Reached skill level 11 in Fighting
 12982 | Lair:2   | Reached skill level 15 in Axes
 13184 | Lair:2   | Reached skill level 10 in Dodging
 13343 | Lair:2   | Identified the +3 falchion of Pusargho {holy, Contam rPois
                  | rC+ SInv}
 13481 | Lair:2   | Noticed Fannar
 13492 | Lair:2   | Killed Fannar
 13602 | Lair:2   | Found a staircase to the Shoals.
 13993 | Lair:2   | Received a gift from Trog
 14202 | Lair:3   | Reached XP level 13. HP: 82/117 MP: 12/12
 14295 | Lair:3   | Found a staircase to the Snake Pit.
 14539 | Lair:3   | Reached skill level 12 in Fighting
 15136 | Lair:4   | You fall into a shaft and drop 1 floor!
 15136 | Lair:5   | Entered Level 5 of the Lair of Beasts
 15404 | Lair:5   | Reached skill level 10 in Shields
 15930 | Lair:5   | Reached XP level 14. HP: 95/127 MP: 13/13
 15931 | Lair:5   | Received a gift from Trog
 15999 | Lair:4   | Reached skill level 13 in Fighting
 17164 | Lair:5   | Found a runed translucent door.
 17417 | Lair:5   | Identified the amulet of Devotion {Acrobat Slay+5 SInv}
 17447 | Lair:5   | Received a gift from Trog
 18120 | Lair:5   | Found a staircase to the Slime Pits.
 18902 | D:12     | Reached skill level 14 in Fighting
 19626 | D:13     | Found a gate to the Vaults.
 20179 | D:13     | Reached XP level 15. HP: 138/138 MP: 14/14
 21006 | D:14     | Noticed Lodul
 21017 | D:14     | Killed Lodul
 21123 | D:14     | Found Pioruhuy's Jewellery Boutique.
 21131 | D:14     | Bought the ring "Vuttioh" {rElec rF+ rCorr MP-9 Stlth+} for
                  | 399 gold pieces
 21131 | D:14     | Bought a ring of protection from cold for 350 gold pieces
 21131 | D:14     | Bought a ring of willpower for 350 gold pieces
 21176 | D:14     | Found a transporter.
 21215 | D:14     | Received a gift from Trog
 21590 | D:15     | Entered Level 15 of the Dungeon
 21628 | D:15     | Found a staircase to the Depths.
 21642 | D:15     | Found a gate leading to a gauntlet.
 21649 | Gauntlet | Entered a Gauntlet
 21649 | Gauntlet | Found a transporter.
 21649 | Gauntlet | Found a transporter.
 21882 | Gauntlet | Found a transporter.
 21882 | Gauntlet | Found a transporter.
 21891 | Gauntlet | Found a transporter.
 21910 | Gauntlet | Found a transporter.
 21919 | Gauntlet | Found the +3 pair of gauntlets of War {Slay+5}
 21920 | Gauntlet | Found a transporter.
 21920 | Gauntlet | Found a transporter.
 21923 | Gauntlet | Found a transporter.
 21950 | Gauntlet | Found a transporter.
 21957 | Gauntlet | Found a transporter.
 21995 | Gauntlet | Found a transporter.
 22010 | Gauntlet | Found a transporter.
 22026 | Gauntlet | Found a transporter.
 22111 | Gauntlet | Found the +3 pair of mountain boots {steadfast, rC+}
 22127 | Gauntlet | Found a transporter.
 22143 | Gauntlet | Found a transporter.
 22574 | Gauntlet | Identified the ring of Rifeymm {+Blink Fly rElec Str+5
                  | Stlth-}
 22594 | Gauntlet | Identified the +3 arbalest of Ochuddeza {drain, rC+ Will+
                  | Int+4}
 22594 | Gauntlet | Identified the ring "Zathraad" {Fly rC+ Int+6 Dex+2}
 22617 | Gauntlet | Identified the +2 pair of boots of Context {rN++ Stlth+}
 22705 | D:15     | Identified the +0 ring mail of the Page of Cups {rN+ Str+5}
 22950 | D:15     | Identified the +12 hand axe of Duty {freeze, +Blink Str-5
                  | Dex+5 Stlth+}
 23711 | Orc:1    | Entered Level 1 of the Orcish Mines
 23711 | Orc:1    | Found Epros's General Store.
 23840 | Orc:1    | Noticed Josephine
 23850 | Orc:1    | Killed Josephine
 23851 | Orc:1    | Reached skill level 15 in Fighting
 23851 | Orc:1    | Noticed Maurice
 23854 | Orc:1    | Paralysed by Maurice for 5 turns
 23860 | Orc:1    | Killed Maurice
 24206 | Orc:2    | Entered Level 2 of the Orcish Mines
 24241 | Orc:2    | Found Qoc Ygebu's Antique Armour Emporium.
 24245 | Orc:2    | Identified the +7 hand axe "Hydraslayer" {flame, *Rage
                  | *Corrode rC+++ Dex+5} (Trog gifted it to you on level 2 of
                  | the Orcish Mines)
 24245 | Orc:2    | Received a gift from Trog
 24255 | Orc:2    | Bought a dazzling cloak for 342 gold pieces
 24255 | Orc:2    | Identified the +1 cloak "Gym Noas" {rF+++ Str+3} (You
                  | bought it in a shop on level 2 of the Orcish Mines)
 24472 | Orc:2    | Found Nyghet's General Store.
 24472 | Orc:2    | Found Deiwauw's Assorted Antiques.
 24474 | Orc:2    | Found Naachun's Magic Scroll Shop.
 24483 | Orc:2    | Reached skill level 15 in Armour
 24485 | Orc:2    | Found Riyhef's Jewellery Shop.
 24543 | Orc:2    | Bought a scroll of enchant weapon for 135 gold pieces
 24545 | Orc:2    | Bought a potion of mutation for 312 gold pieces
 24801 | Orc:2    | Noticed Urug
 24810 | Orc:2    | Killed Urug
 24870 | Orc:2    | Found a staircase to the Elven Halls.
 25013 | Orc:2    | Identified the +1 hat of Conscience {Rampage}
 25286 | Snake:1  | Entered Level 1 of the Snake Pit
 25549 | Snake:1  | Found Byoplus's Book Shop.
 25557 | Snake:1  | Bought a manual of Shields for 1120 gold pieces
 25684 | Snake:1  | Found Cah Teo's Magic Scroll Emporium.
 25690 | Snake:1  | Bought a scroll of teleportation for 45 gold pieces
 26219 | Snake:1  | Received a gift from Trog
 26427 | Snake:2  | Found Pavazoh's Jewellery Shoppe.
 26471 | Snake:2  | Noticed Mlioglotl
 26472 | Snake:2  | Noticed a tentacled starspawn
 26488 | Snake:2  | Killed Mlioglotl
 26489 | Snake:2  | Reached XP level 16. HP: 147/150 MP: 6/15
 26659 | Snake:2  | Reached skill level 15 in Shields
 27541 | Snake:3  | Noticed Agnes
 27548 | Snake:3  | Killed Agnes
 27549 | Snake:3  | Reached skill level 16 in Fighting
 27676 | Snake:4  | Entered Level 4 of the Snake Pit
 28234 | Snake:4  | Reached skill level 15 in Dodging
 28390 | Snake:4  | Received a gift from Trog
 28603 | Snake:4  | Got a serpentine rune of Zot
 29086 | Snake:4  | Reached XP level 17. HP: 160/160 MP: 7/16
 29312 | Shoals:1 | Entered Level 1 of the Shoals
 29368 | Shoals:1 | Identified Roxanne's Lectures on the Anticline
 29368 | Shoals:1 | Noticed Roxanne
 29655 | Shoals:1 | Reached ****** piety under Trog
 29656 | Shoals:1 | Reached skill level 17 in Fighting
 30161 | Shoals:2 | Received a gift from Trog
 30283 | Shoals:2 | Identified the +0 robe "Qitsuifa" {rCorr}
 30752 | Shoals:2 | Found Beymolio's Distillery.
 30755 | Shoals:2 | Bought a potion of mutation for 104 gold pieces
 31677 | Shoals:3 | Found a runed translucent gate.
 31677 | Shoals:3 | Found a runed translucent gate.
 31677 | Shoals:3 | Found a runed translucent gate.
 32063 | Shoals:3 | Received a gift from Trog
 32415 | Shoals:4 | Entered Level 4 of the Shoals
 32745 | Shoals:4 | Identified the ring "Wusmeuneaq" {Str+3 Int+6 Dex+4}
 32745 | Shoals:4 | Noticed Donald
 32758 | Shoals:4 | Killed Donald
 33049 | Shoals:4 | Reached XP level 18. HP: 163/171 MP: 8/17
 33105 | Shoals:4 | Got a barnacled rune of Zot
 33109 | Shoals:4 | Identified the +0 dagger of Inconvenience {drain, Drain
                  | MP+9 Dex+6 SInv}
 33161 | Shoals:4 | Received a gift from Trog
 33254 | Shoals:4 | Reached skill level 18 in Fighting
 34046 | Elf:1    | Entered Level 1 of the Elven Halls
 34098 | Elf:1    | Found a flickering gateway to a bazaar.
 34122 | Bazaar   | Entered a bazaar
 34201 | Bazaar   | Found Dajaw's Jewellery Shoppe.
 34217 | Bazaar   | Found Lanuff's Armour Shoppe.
 34217 | Bazaar   | Found Xunaloycw's Antique Weapon Emporium.
 34305 | Elf:1    | Noticed Azrael
 34334 | Elf:1    | Killed Azrael
 34446 | Elf:1    | Noticed Frances
 34463 | Elf:1    | Killed Frances
 34660 | Elf:1    | Received a gift from Trog
 35198 | Elf:1    | Received a gift from Trog
 35711 | Elf:2    | Found a runed translucent gate.
 35711 | Elf:2    | Found a runed translucent gate.
 35711 | Elf:2    | Found a runed translucent gate.
 35833 | Elf:2    | Found Axops's Book Emporium.
 36024 | Elf:2    | Found Goseluxi's Book Shoppe.
 36025 | Elf:2    | Found Japus's Jewellery Boutique.
 36026 | Elf:2    | Found Zupnalis's Book Shoppe.
 36201 | Elf:2    | Received a gift from Trog
 36316 | Elf:2    | Reached skill level 1 in Evocations
 36491 | Elf:3    | Entered Level 3 of the Elven Halls
 36554 | Elf:3    | Reached XP level 19. HP: 181/181 MP: 3/18
 36678 | Elf:3    | Reached skill level 19 in Fighting
 36743 | Elf:3    | Received a gift from Trog
 39437 | Elf:3    | Identified the amulet of the Cockroach {RegenMP rC- Str+3
                  | Dex+6}
 39572 | Elf:3    | Identified the +1 scimitar "Jubbig" {heavy, Dex+3}
 40299 | Elf:3    | Identified the +6 dagger of the Dungeon {elec, rN+ Int+2}
 40744 | Elf:3    | Received a gift from Trog
 40936 | Elf:3    | Identified the +0 dagger "Toomp" {heavy, rC+ Will+}
 41006 | Elf:3    | Identified the +11 sling of Regicide {freeze, rElec rN+}
 41289 | Vaults:1 | Entered Level 1 of the Vaults
 41657 | Vaults:1 | Found Wieqaud's Assorted Antiques.
 41669 | Vaults:1 | Bought 2 potions of heal wounds for 250 gold pieces
 41669 | Vaults:1 | Bought a scroll of enchant weapon for 187 gold pieces
 41893 | Vaults:1 | Noticed Asterion
 41904 | Vaults:1 | Received a gift from Trog
 41913 | Vaults:1 | Killed Asterion
 42286 | Vaults:1 | Reached XP level 20. HP: 137/193 MP: 10/19
 42595 | Vaults:1 | Reached skill level 5 in Evocations
 42795 | Vaults:1 | Noticed Zenata
 42809 | Vaults:1 | Killed Zenata
 43121 | Vaults:2 | Received a gift from Trog
 43473 | Vaults:2 | Reached skill level 20 in Fighting
 43702 | Vaults:2 | Found a transporter.
 43702 | Vaults:2 | Found a transporter.
 43705 | Vaults:2 | Found a bloodstained altar of Trog.
 43713 | Vaults:2 | Noticed Feshunla's ghost (adept KoEn)
 44184 | Vaults:3 | Received a gift from Trog
 44229 | Vaults:3 | Identified a scroll of acquirement
 44619 | Vaults:3 | Acquired 1277 gold pieces
 44822 | Vaults:3 | Received a gift from Trog
 45258 | Vaults:3 | Found a staircase to the Crypt.
 45530 | Vaults:3 | Reached XP level 21. HP: 201/202 MP: 11/20
 45921 | Vaults:4 | Reached skill level 1 in Throwing
 45925 | Vaults:4 | Received a gift from Trog
 46025 | Vaults:4 | Reached skill level 21 in Fighting
 46360 | Vaults:4 | Found a portal to a secret trove of treasure.
 46454 | Vaults:4 | Found a flickering gateway to a bazaar.
 46469 | Bazaar   | Entered a bazaar
 46469 | Bazaar   | Found Itukkos's Weapon Shoppe.
 46469 | Bazaar   | Found Ovidghyi's Weapon Shop.
 46469 | Bazaar   | Found Nogrem's Antique Armour Shoppe.
 46471 | Bazaar   | Found Pebiting's Armour Shop.
 46527 | Bazaar   | Bought a polished cloak for 161 gold pieces
 46527 | Bazaar   | Identified the +1 cloak of Boakasic {SInv} (You bought it
                  | in a shop in a bazaar)
 47557 | Depths:1 | Entered Level 1 of the Depths
 47658 | Depths:1 | Found a glowing golden altar of the Shining One.
 47737 | Depths:1 | Paralysed by a floating eye for 4 turns
 47831 | Depths:1 | Found a gateway to Hell.
 48018 | Depths:1 | Found a one-way gate leading to the halls of Pandemonium.
 48092 | Depths:1 | Received a gift from Trog
 48128 | Depths:1 | Reached skill level 22 in Fighting
 48189 | Depths:1 | Found a flickering gateway to a bazaar.
 48195 | Bazaar   | Entered a bazaar
 48196 | Bazaar   | Found Mucvatucre's Assorted Antiques.
 48196 | Bazaar   | Found Soolof's Antique Armour Boutique.
 48197 | Bazaar   | Found Ytun's Armour Emporium.
 48225 | Bazaar   | Bought a potion of heal wounds for 105 gold pieces
 48228 | Bazaar   | Found Qomaerot's Magic Scroll Emporium.
 48246 | Bazaar   | Bought a pitted cloak for 199 gold pieces
 48246 | Bazaar   | Identified the +2 cloak "Jeom" {Contam rF+ rCorr Dex+4}
                  | (You bought it in a shop in a bazaar)
 49121 | Depths:2 | Received a gift from Trog
 49253 | Depths:2 | Found a magical portal.
 49262 | WizLab   | Entered The Hall of the Hellbinder
 49283 | WizLab   | Reached skill level 5 in Throwing
 49301 | WizLab   | Reached XP level 22. HP: 155/216 MP: 12/21
 49491 | WizLab   | Found a burning altar of Makhleb.
 49491 | WizLab   | Noticed Samief
 49513 | WizLab   | Killed Samief the Hellbinder
 49538 | WizLab   | Identified the ring "Maijech" {rElec EV+5 Dex+3 Slay+2}
 49575 | WizLab   | Identified the ring "Cameng" {rF+ rC+ Int+2}
 49732 | Depths:2 | Noticed a juggernaut
 49733 | Depths:2 | Noticed a golden dragon
 49755 | Depths:2 | Killed a juggernaut
 49776 | Depths:2 | Killed a golden dragon
 49776 | Depths:2 | Received a gift from Trog
 50343 | Depths:2 | Reached skill level 23 in Fighting
 50654 | Depths:3 | Found a one-way gate to the infinite horrors of the Abyss.
 50654 | Depths:3 | Noticed Louise
 50657 | Depths:3 | Found Ofil's Magic Scroll Boutique.
 50663 | Depths:3 | Killed Louise
 50727 | Depths:3 | Bought a scroll of teleportation for 36 gold pieces
 50727 | Depths:3 | Bought a scroll of teleportation for 36 gold pieces
 50727 | Depths:3 | Bought a scroll of brand weapon for 114 gold pieces
 50787 | Depths:3 | Noticed a golden dragon
 50799 | Depths:3 | Killed a golden dragon
 50800 | Depths:3 | Noticed a golden dragon
 50812 | Depths:3 | Found Meal's Jewellery Boutique.
 50813 | Depths:3 | Identified the +7 great sword of the Maze {heavy, rPois rC-
                  | rN+ Str+2}
 50820 | Depths:3 | Received a gift from Trog
 50833 | Depths:3 | Noticed a golden dragon
 50835 | Depths:3 | Killed a golden dragon
 50839 | Depths:3 | Reached skill level 10 in Evocations
 50843 | Depths:3 | Killed a golden dragon
 51316 | Depths:3 | Found Wyigex's Distillery.
 51385 | Depths:3 | Found Qadim's Assorted Antiques.
 51407 | Depths:3 | Bought a smoking granite ring for 190 gold pieces
 51407 | Depths:3 | Identified the ring "Cosoiffyrch" {Wiz rElec} (You bought
                  | it in a shop on level 3 of the Depths)
 51456 | Depths:3 | Identified the +3 arbalest of Ujupen {antimagic, rElec rF+
                  | Str+6 Int-2}
 51837 | Depths:3 | Found Ifurghopn's Assorted Antiques.
 52258 | Depths:4 | Entered Level 4 of the Depths
 52258 | Depths:4 | Noticed an ancient lich
 52259 | Depths:4 | Noticed an ancient lich
 52292 | Depths:4 | Found a one-way gateway to a ziggurat.
 52361 | Depths:4 | Received a gift from Trog
 52371 | Depths:4 | Reached XP level 23. HP: 124/226 MP: 13/22
 52504 | Depths:4 | Reached skill level 24 in Fighting
 52743 | Depths:4 | Found a gate to the Realm of Zot.
 52767 | Depths:4 | Noticed a caustic shrike
 52767 | Depths:4 | Noticed a caustic shrike
 52767 | Depths:4 | Noticed a caustic shrike
 52767 | Depths:4 | Noticed a caustic shrike
 52767 | Depths:4 | Noticed a caustic shrike
 53134 | Depths:4 | Noticed Xtahua
 53146 | Depths:4 | Killed Xtahua
 54191 | Snake:1  | Bought a scroll of acquirement for 780 gold pieces
 54625 | Vaults:4 | You paid a toll of 2 scrolls of acquirement to enter a
                  | treasure trove
 54626 | Trove    | Entered a treasure trove
 54667 | Trove    | Identified the amulet "Kaps" {Spirit +Blink +Inv rPois
                  | Str-3}
 54750 | Vaults:5 | Entered Level 5 of the Vaults
 54753 | Vaults:5 | Received a gift from Trog
 54759 | Vaults:5 | Noticed Boris
 55516 | Vaults:5 | Noticed Sojobo
 55966 | Vaults:5 | Noticed Mara
 55966 | Vaults:5 | Identified the +4 war axe "Huugol" {heavy, Will- Str+6
                  | Dex+4 Stlth+} (Trog gifted it to you on level 5 of the
                  | Vaults)
 55966 | Vaults:5 | Received a gift from Trog
 55970 | Vaults:5 | HP: 5/225 [stone giant/large rock (19)]
 56247 | Vaults:5 | Noticed garrulousMonolith's illusion
 56264 | Vaults:4 | Killed Sojobo
 56298 | Vaults:4 | Killed Boris
 56299 | Vaults:4 | Reached skill level 25 in Fighting
 56386 | Vaults:5 | Noticed garrulousMonolith's illusion
 56389 | Vaults:5 | Noticed garrulousMonolith's illusion
 56394 | Vaults:5 | Noticed garrulousMonolith's illusion
 56427 | Vaults:5 | Killed Mara
 56613 | Vaults:5 | Noticed a dread lich
 56635 | Vaults:5 | Killed a dread lich
 56831 | Vaults:5 | Reached XP level 24. HP: 190/243 MP: 13/22
 56859 | Vaults:5 | Identified the +11 glaive of Resumed Hostilities {flame,
                  | Fly rC- Stlth+}
 57204 | Vaults:5 | Identified the +0 chain mail "Dasozimn" {rN+ Str+4}
 57230 | Vaults:5 | Got a silver rune of Zot
 57271 | Vaults:5 | Identified the ring "Denafita" {rCorr Str+6 Dex+3}
 57671 | Vaults:5 | Acquired a +2 executioner's axe of electrocution
 58276 | Zot:1    | Entered Level 1 of the Realm of Zot
 58500 | Zot:1    | Received a gift from Trog
 58530 | Zot:1    | Reached skill level 10 in Throwing
 60329 | Zot:2    | Reached skill level 26 in Fighting
 61109 | Zot:3    | Received a gift from Trog
 61297 | Zot:3    | Noticed an orb of fire
 61308 | Zot:3    | Gained mutation: You are vulnerable to cold. (rC-) [an orb
                  | of fire]
 61311 | Zot:3    | Killed an orb of fire
 62777 | Zot:4    | Reached XP level 25. HP: 83/250 MP: 4/22
 64103 | D:5      | Bought a scroll of enchant weapon for 105 gold pieces
 64103 | D:5      | Bought a scroll of silence for 133 gold pieces
 64103 | D:5      | Bought a scroll of brand weapon for 133 gold pieces
 64103 | D:5      | Bought a scroll of enchant weapon for 105 gold pieces
 64103 | D:5      | Bought a scroll of summoning for 133 gold pieces
 64103 | D:5      | Bought a scroll of fog for 56 gold pieces
 64356 | Orc:2    | Bought a scroll of blinking for 127 gold pieces
 64356 | Orc:2    | Bought a scroll of blinking for 127 gold pieces
 64361 | Orc:2    | Bought a potion of invisibility for 312 gold pieces
 64365 | Orc:2    | Bought a wand of acid (5) for 378 gold pieces
 64680 | Depths:4 | Killed an ancient lich
 64684 | Depths:4 | Killed an ancient lich
 64685 | Depths:4 | Reached skill level 27 in Fighting
 64846 | Zot:5    | Entered Level 5 of the Realm of Zot
 64862 | Zot:5    | Received a gift from Trog
 66451 | Zot:5    | Noticed a dread lich
 66454 | Zot:5    | Noticed a Killer Klown
 66456 | Zot:5    | Noticed a dread lich
 66457 | Zot:5    | Killed a dread lich
 66460 | Zot:5    | Killed a dread lich
 66462 | Zot:5    | Noticed an orb of fire
 66465 | Zot:5    | Noticed an orb of fire
 66467 | Zot:5    | Noticed an orb of fire
 66467 | Zot:5    | Gained mutation: You are weak. (Str -2) [an orb of fire]
 66479 | Zot:5    | Gained mutation: You are dopey. (Int -2) [an orb of fire]
 66479 | Zot:5    | Gained mutation: You are vulnerable to heat. (rF-) [an orb
                  | of fire]
 66480 | Zot:5    | Killed an orb of fire
 66482 | Zot:5    | Killed an orb of fire
 66485 | Zot:5    | Gained mutation: Armour fits poorly on your strangely
                  | shaped body. [an orb of fire]
 66491 | Zot:5    | Noticed an ancient lich
 66492 | Zot:5    | Killed an orb of fire
 66500 | Zot:5    | Killed an ancient lich
 66504 | Zot:5    | Noticed a Killer Klown
 66505 | Zot:5    | Noticed a Killer Klown
 66506 | Zot:5    | Noticed a Killer Klown
 66509 | Zot:5    | Killed a Killer Klown
 66512 | Zot:5    | Killed a Killer Klown
 66519 | Zot:5    | Noticed a Killer Klown
 66877 | Zot:4    | Lost mutation: Armour fits poorly on your strangely shaped
                  | body. [potion of mutation]
 66877 | Zot:4    | Lost mutation: You are vulnerable to cold. (rC-) [potion of
                  | mutation]
 66877 | Zot:4    | Lost mutation: You are dopey. (Int -2) [potion of mutation]
 66877 | Zot:4    | Gained mutation: You occasionally lose the ability to drink
                  | potions when taking damage. [potion of mutation]
 66877 | Zot:4    | Lost mutation: You are weak. (Str -2) [potion of mutation]
 66877 | Zot:4    | Gained mutation: You are partially covered in iridescent
                  | scales. (AC +2) [potion of mutation]
 66878 | Zot:4    | Lost mutation: You occasionally lose the ability to drink
                  | potions when taking damage. [potion of mutation]
 66878 | Zot:4    | Lost mutation: You are vulnerable to heat. (rF-) [potion of
                  | mutation]
 66878 | Zot:4    | Gained mutation: You expend magic power (3 MP) to
                  | strengthen your wands. [potion of mutation]
 66878 | Zot:4    | Gained mutation: Your spells are a little easier to cast,
                  | but a little less powerful. [potion of mutation]
 66878 | Zot:4    | Gained mutation: You have a pair of large horns on your
                  | head. [potion of mutation]
 66945 | Zot:5    | Noticed a Killer Klown
 66955 | Zot:5    | Killed a Killer Klown
 67041 | Zot:5    | Killed a Killer Klown
 67046 | Zot:5    | Killed a Killer Klown
 67053 | Zot:5    | Noticed a Killer Klown
 67054 | Zot:5    | Noticed a Killer Klown
 67056 | Zot:5    | Noticed a Killer Klown
 67058 | Zot:5    | Noticed a Killer Klown
 67059 | Zot:5    | a Killer Klown changed into a juggernaut
 67059 | Zot:5    | Noticed a juggernaut
 67064 | Zot:5    | Noticed a Killer Klown
 67066 | Zot:5    | Killed a juggernaut
 67659 | Zot:5    | Killed a Killer Klown
 67697 | Zot:5    | Killed a Killer Klown
 67703 | Zot:5    | a Killer Klown changed into a rockslime
 67820 | Zot:5    | Killed a Killer Klown
 67860 | Zot:5    | Killed a Killer Klown
 68895 | Zot:5    | Identified the +6 great sword "Keegae Kuwno" {flame, rC++
                  | Will- MP+9 Dex+2}
 69143 | Zot:5    | Got the Orb of Zot
 69564 | D:10     | Reached XP level 26. HP: 224/266 MP: 13/22
 69673 | D:4      | Noticed a seraph
 69682 | D:4      | Killed a seraph
 69683 | D:4      | Reached skill level 15 in Evocations
 69781 | D:1      | Noticed Wififovu the pandemonium lord
 69791 | D:1      | Noticed Waowkis the pandemonium lord
 69820 | D:1      | Killed Wififovu the pandemonium lord
 69833 | D:$      | Escaped with the Orb!

Illustrated notes

Levels and vault maps discovered:
D:1:      dpeg_arrival_pits, layout_loops_ring
D:2:      layout_basic, serial_shops, shop_fountains,
          dreamdust_ecumenical_altar_hidden_monk_grotto, minmay_pentomino_z2,
          uniq_sigmund
D:3:      layout_basic, uniq_crazy_yiuf_cottage
D:4:      layout_layer_cave, kennysheep_generic_room_11, uniq_natasha,
          uniq_pikel
D:5:      layout_loops_cross, serial_shops, kennysheep_mini_moat,
          roderic_roman_lattice, nicolae_shop_overcharged_wands
D:6:      layout_loops_corners, serial_shops, shop, eino_tiny_chamber
D:7:      layout_cave_pods, minmay_temple_entry_tees, serial_shops,
          nicolae_shop_bloodbath_and_beyond, enter_ossuary_5,
          kennysheep_generic_room_3
D:8:      layout_rooms, lemuel_blue_sif_altar, mainiacjoe_overflow_brackets,
          dpeg_oklobed_lair
D:9:      layout_basic, cheibriados_altar_1, enter_bailey_2, worms_lemuel
D:10:     layout_loops_ring, zombieorc2_lemuel, uniq_maggie
D:11:     cheibrodos_grave_circle, layout_basic, uniq_erica, uniq_nergalle
D:12:     layout_roguey, nicolae_underground_beach
D:13:     layout_basic, david_vaults_4
D:14:     layout_long_grid, minmay_door_square, serial_shops, shop,
          nicolae_diode_basic, uniq_lodul
D:15:     gammafunk_depths_entry_grave, layout_loops_ring,
          chequers_serial_rivers_small_b, gauntlet_entry_generic,
          minmay_statues_item
Temple:   nicolae_temple_bog_church
Lair:1:   layout_regular_city, fungi_pond_lemuel
Lair:2:   layout_cave_pods, elwin_shoals_entry_stream, uniq_fannar
Lair:3:   layout_long_grid, minmay_snake_entry_guardpost_medium
Lair:4:   layout_gridlike, nicolae_lair_grove_arrangements, nzn_random_ring
Lair:5:   wormcave, layout_cave_pods, dpeg_slime_entry_corner,
          grunt_megastairs_2
Shoals:1: layout_shoals, uniq_roxanne
Shoals:2: layout_shoals, serial_shops, nicolae_shop_behind_doors
Shoals:3: layout_shoals, nicolae_shoals_beach_cooler
Shoals:4: shoals_end_hellmonk_storm_palace [storm_palace_center_square,
          storm_palace_corner_reverse_hut, storm_palace_corner_pillars,
          storm_palace_corner_pillars, storm_palace_corner_blocked], uniq_donald
Snake:1:  layout_cave_pods, serial_shops, shop, statue_in_the_mist_lemuel,
          grunt_megastairs_1, serial_bayou_shore_b, lemuel_fruit_tree,
          minmay_shop_star
Snake:2:  layout_rooms, nicolae_stop_n_shop_2, uniq_mlioglotl
Snake:3:  layout_misc_corridors, nicolae_integral_box, uniq_agnes
Snake:4:  snake_pit_salamanders_mu, layout_cave_town, serial_bayou_pond_c
Orc:1:    layout_diamond_mine, basic_altar, serial_shops, shop, uniq_maurice,
          uniq_josephine
Orc:2:    st_orc_mages, layout_caves, serial_shops, shop, hangedman_minor_magic,
          uniq_urug
Elf:1:    layout_geoelf_diagonals, serial_shops, freezing_bzr,
          hangedman_elven_crosses_minicolossus, uniq_frances, uniq_azrael
Elf:2:    elven_hall_of_blades_hangedman_original [nicolae_blade_little_rooms],
          layout_gridlike, serial_shops, shop_statue, minmay_shop_grove
Elf:3:    minmay_elf_hall_quartered_circle, layout_onion_city,
          due_unseen_surprise
Vaults:1: v_misc_31, hangedman_vaults_cutoff, v_misc_14, v_alt_pattern_6,
          vaults_dpeg_diagonal, nicolae_vaults_little_squares_4,
          nicolae_vaults_theta, vaults_dpeg_ring,
          nicolae_vaults_mini_display_case, layout_vaults_quadrants,
          serial_shops, shop, uniq_asterion, uniq_zenata
Vaults:2: gammafunk_ghost_wrathful_warriors, ontoclasm_vaults_pinch,
          vaults_mumra_minichess, hangedman_vaults_nails, v_alt_pattern_2,
          v_misc_15, nicolae_vaults_little_squares_4, v_pattern_1,
          hangedman_vaults_maws, layout_vaults_big_room,
          serial_hangedman_research
Vaults:3: vaults_standard_mumra_lines, minmay_crypt_entry_simple_round,
          v_misc_4, vaults_mumra_chevron, nicolae_vaults_theta,
          grunt_vaults_swirl, nicolae_vaults_murderbox,
          ontoclasm_vaults_loading_screen, nicolae_vaults_little_squares_1,
          v_misc_3, nicolae_vaults_little_ls, hangedman_vaults_snaps,
          ontoclasm_vaults_loading_screen, serial_ice_b, layout_vaults_ring
Vaults:4: nicolae_vaults_theta, ontoclasm_vaults_chip,
          nicolae_vaults_inception_statues, v_misc_5, v_misc_19,
          ontoclasm_vaults_spin, ontoclasm_vaults_eye, grunt_vaults_trifunnel,
          nicolae_vaults_network_star, nicolae_vaults_diagonal_hallway_6,
          nicolae_vaults_little_squares_3, nicolae_vaults_shelves_hall,
          layout_vaults_omnicross, nicolae_trove_entry_columns, serial_shops,
          bzr_entry_water
Vaults:5: uniq_mara, uniq_boris, uniq_sojobo
Depths:1: layout_basic, serial_shops, bzr_entry_safe, pf_hell_entry_tar_river,
          pan_entry, special_room [special_room_magic_class], minivault_22,
          nicolae_tso_carved_into_rock
Depths:2: grunt_deathspiral_small, layout_gridlike, grunt_pan_entry_sceptre,
          pf_hell_entry_great_geh, mu_enter_wizlab_5, infiniplex_staircase_river
Depths:3: minmay_the_grid_octo_tiled_squarecenter
          [minmay_the_grid_octo_pinwheel, minmay_the_grid_octo_fat_diamond,
          minmay_the_grid_octo_horde, minmay_the_grid_octo_clover,
          minmay_the_grid_square_5x5_megaprize_open,
          minmay_the_grid_square_5x5_hollow_slash,
          minmay_the_grid_square_5x5_two_walls_a,
          minmay_the_grid_square_5x5_fat_x, minmay_the_grid_square_5x5_meh],
          layout_basic, hell_entry, nicolae_abyss_entry_one_way_or_another,
          grunt_decor_cap, serial_shops, nicolae_shop_advertising_works
          [nicolae_subvault_shop_adworks], nicolae_take_the_stairs,
          nicolae_inconvenience_store, nicolae_stop_n_shop_2, shop_fountains,
          minmay_staircase_windowed_small
Depths:4: grunt_zot_entry_bicorn, layout_basic, enter_ziggurat_d,
          serial_bayou_pond_d, hell_entry, abyss_entry, serial_bayou_shore_a,
          uniq_xtahua
Zot:1:    layout_concentric_octagons
Zot:2:    layout_gridlike
Zot:3:    layout_gridlike
Zot:4:    layout_basic
Zot:5:    layout_basic

Skill      XL: |  1  2  3  4  5  6  7  8  9 10 11 12 13 14 15 16 17 18 19 20 21 22 23 24 25 26 |
---------------+-------------------------------------------------------------------------------+-----
Axes           | 4 5 7 9 11 12 14 16 17 18 | 18.0
Fighting       | 4 6 7 8 9 10 11 12 14 15 16 17 18 19 20 22 23 25 26 27 | 27.0
Armour         | 3 4 5 6 7 9 10 11 12 14 15 16 17 18 19 20 21 22 23 25 | 25.6
Dodging        | 3 4 6 7 8 9 10 11 13 14 15 16 17 18 19 20 21 22 23 | 23.8
Shields        | 3 5 7 9 10 12 14 19 21 23 24 25 | 25.0
Evocations     | 1 4 7 9 10 11 12 14 15 | 15.1
Throwing       | 5 7 9 10 | 10.2

Action                     |  1- 3 |  4- 6 |  7- 9 | 10-12 | 13-15 | 16-18 | 19-21 | 22-24 | 25-27 || total
---------------------------+-------+-------+-------+-------+-------+-------+-------+-------+-------++-------
  Melee: Hand axe          |    49 |    74 |   145 |       |       |       |       |       |       ||   268
         Headbutt          |     6 |    10 |    66 |   118 |   196 |   255 |   366 |   466 |   124 ||  1607
         Punch             |     1 |       |     2 |       |       |       |       |       |       ||     3
         Mace              |       |     9 |       |       |       |       |       |       |       ||     9
         Whip              |       |       |   149 |   177 |       |       |       |       |       ||   326
         Broad axe         |       |       |       |   388 |   739 |   680 |   970 |  1232 |   339 ||  4348
         War axe           |       |       |       |       |       |   282 |   166 |       |       ||   448
         Unarmed           |       |       |       |       |       |       |       |       |     2 ||     2
  Throw: Javelin           |       |       |       |       |       |       |       |       |    13 ||    13
 Invoke: Berserk           |     2 |     4 |     5 |     4 |     7 |       |       |     1 |       ||    23
         Trog's Hand       |       |     3 |     2 |     4 |     9 |     7 |     6 |    17 |     9 ||    57
         Brothers in Arms  |       |       |       |       |     1 |       |       |     4 |     2 ||     7
  Evoke: Wand              |       |       |       |       |     3 |     1 |     2 |       |     4 ||    10
    Use: Potion            |       |     1 |       |     4 |     7 |       |       |     7 |    19 ||    38
         Scroll            |       |       |     6 |    18 |    15 |     7 |     3 |    11 |     9 ||    69
   Stab: Petrified         |       |       |       |       |     4 |       |       |       |       ||     4
         Petrifying        |       |       |       |       |     5 |       |       |       |       ||     5
         Distracted        |       |       |       |       |     4 |       |       |     1 |       ||     5
         Invisible         |       |       |       |       |     1 |       |       |     1 |       ||     2
 Armour: Animal skin       |     5 |       |       |       |       |       |       |       |       ||     5
         Ring mail         |     6 |    29 |    11 |       |       |       |       |       |       ||    46
         Plate armour      |       |       |   132 |   305 |   326 |   321 |   246 |    42 |       ||  1372
         Gold dragon scale |       |       |       |       |       |       |       |   462 |   144 ||   606
  Dodge: Dodged            |    21 |    58 |    74 |   128 |   225 |   403 |   414 |   634 |   171 ||  2128
  Block: Tower shield      |       |       |    61 |   465 |   646 |   663 |       |       |       ||  1835
         Kite shield       |       |       |       |       |       |   217 |   623 |   997 |   282 ||  2119
         Reflection        |       |       |       |       |       |    34 |    51 |    59 |     6 ||   150

Table legend: (Time is in decaauts)
 A = Elapsed time spent in this place.
 B = Non-inter-level travel time spent in this place.
 C = Inter-level travel time spent in this place.
 D = Time resting spent in this place.
 E = Time spent auto-exploring this place.
 F = Levels seen in this place.
 G = Mean time per level.
                   A        B        C        D        E       F      G
               +--------+--------+--------+--------+--------+-----+--------+
         Total |  69388 |  63644 |   5744 |  14799 |  36853 |  55 | 1261.6 |
       Dungeon |  17697 |  15320 |   2377 |   2546 |  10183 |  15 | 1179.8 |
        Temple |    163 |    154 |      9 |      0 |    141 |   1 |  163.0 |
          Lair |   6868 |   6139 |    729 |   1268 |   3858 |   5 | 1373.6 |
        Shoals |   4173 |   3961 |    212 |    491 |   2581 |   4 | 1043.2 |
     Snake Pit |   3988 |   3744 |    244 |    243 |   2937 |   4 |  997.0 |
  Orcish Mines |   1663 |   1395 |    268 |     43 |   1023 |   2 |  831.5 |
   Elven Halls |   6825 |   6692 |    133 |   3095 |   2519 |   3 | 2275.0 |
        Vaults |   9390 |   8804 |    586 |   2284 |   4435 |   5 | 1878.0 |
        Depths |   6386 |   5648 |    738 |    695 |   3648 |   4 | 1596.5 |
           Zot |   9796 |   9352 |    444 |   3405 |   4572 |   5 | 1959.2 |
        Bazaar |    287 |    287 |      0 |     52 |    150 |   3 |   95.7 |
         Trove |     99 |     99 |      0 |      0 |     64 |   1 |   99.0 |
        Bailey |    627 |    627 |      0 |    193 |    255 |   1 |  627.0 |
        Wizlab |    385 |    385 |      0 |     52 |    171 |   1 |  385.0 |
      Gauntlet |   1034 |   1034 |      0 |    430 |    314 |   1 | 1034.0 |
               +--------+--------+--------+--------+--------+-----+--------+

Top non-repeatable levels by time:
   Elf:3: 4550 daAuts
   Zot:5: 3484 daAuts
Vaults:4: 3097 daAuts
  Lair:5: 2144 daAuts
   Zot:4: 2101 daAuts
    D:13: 1942 daAuts
    D:10: 1915 daAuts
Vaults:1: 1903 daAuts
   Zot:1: 1754 daAuts
Depths:4: 1735 daAuts
Depths:2: 1701 daAuts
Vaults:3: 1668 daAuts
Vaults:5: 1633 daAuts
Depths:1: 1545 daAuts
 Snake:4: 1498 daAuts
